 Dungeon Crawl Stone Soup version 0.31-a0-1074-g0b22e4e0f1 (webtiles) character file.

Game seed: 14261678586221829564

69 croobank the Sneak (level 4, -3/29 (35) HPs)
             Began as a Demonspawn Delver on Dec 2, 2023.
             Killed by divine providence
             ... invoked by an orc priest
              (12 damage)
             ... on level 2 of the Dungeon.
             The game lasted 00:07:52 (2085 turns).

croobank the Sneak (Demonspawn Delver)              Turns: 2085, Time: 00:07:52

HP:   -3/29 (35)    AC: 10    Str: 13    XL:     4   Next: 2%
MP:   4/4           EV: 12    Int: 13    God:
Gold: 75            SH:  0    Dex: 14    Spells: 3/3 levels left

rFire   . . .        a - +0 short sword
rCold   . . .        (no shield)
rNeg    . . .        o - +4 ring mail
rPois   .            (no helmet)
rElec   .            (no cloak)
rCorr   .            (no gloves)
SInv    .            k - +0 pair of boots
Will    .....        (no amulet)
Stlth   ++           (no ring)
HPRegen 0.24/turn    (no ring)
MPRegen 0.09/turn

%: no passive effects
@: heavily drained
A: ignite blood 1, sturdy frame 1
a: no special abilities


You were on level 2 of the Dungeon.
You visited 1 branch of the dungeon, and saw 6 of its levels.

You collected 127 gold pieces.
You spent 52 gold pieces at shops.

Inventory:

Hand Weapons
 a - a +0 short sword (weapon)
 j - a +0 long sword
 m - a +0 dagger
 t - a +0 short sword
 w - a +0 hand axe of freezing
Missiles
 l - 8 poisoned darts (quivered)
Armour
 k - a +0 pair of boots (worn)
 o - a +4 ring mail (worn)
Jewellery
 y - a ring of fire
Talismans
 d - a dragon-blood talisman
Wands
 g - a wand of digging (2)
Scrolls
 c - a scroll of fog
 i - 2 scrolls of enchant armour {unknown}
 n - a scroll of poison {unknown}
 q - a scroll of identify {unknown}
 r - a scroll of revelation
 x - a scroll of fear
 A - 2 scrolls of teleportation {unknown}
Potions
 b - a potion of might
 e - 2 potions of curing {unknown}
 f - a potion of haste
 h - a potion of heal wounds {unknown}
 p - 4 potions of invisibility {unknown}
 s - a potion of berserk rage {unknown}
 u - a potion of cancellation {unknown}
 v - a potion of enlightenment {unknown}
 z - 2 potions of lignification {unknown}
 B - a potion of mutation {unknown}


   Skills:
 + Level 3.5 Fighting
 + Level 2.4 Short Blades
 + Level 2.5 Dodging
 + Level 4.9 Stealth


You had 3 spell levels left.
You didn't know any spells.
Your spell library contained the following spells:

 Spells                   Type           Power      Damage    Failure   Level
 Brom's Barrelling Bould  Conj/Erth      0%         2d3       99%         4
 Fireball                 Conj/Fire      0%         3d3       100%        5
 Iskenderun's Battlesphe  Conj           0%         2d6       100%        5
 Conjure Ball Lightning   Conj/Air       0%         3x3d6     100%        6
 Orb of Destruction       Conj           0%         9d5       100%        7


Dungeon Overview and Level Annotations

Branches:
Dungeon (6/15)
 Temple: D:4-7

Altars:

Shops:
D:1 !

Annotations:
D:5 1 transporter


Innate Abilities, Weirdness & Mutations

Your demonic aura sometimes causes spilled blood to erupt in flames.
Your movements are slightly less encumbered by armour. (ER -2)


Message History

The orc priest hits you with a +1 dagger of draining.
You feel drained.
You hit the orc priest but do no damage.
You hit the orc priest but do no damage.
The orc priest hits you but does no damage.
You feel drained.
You barely miss the orc priest. The orc priest closely misses you.
You closely miss the orc priest.
The orc priest hits you but does no damage.
You feel drained.
You hit the orc priest.
The orc priest is moderately wounded.
The orc priest barely misses you.
You hit the orc priest but do no damage.
The orc priest is moderately wounded.
The orc priest hits you with a +1 dagger of draining.
You feel drained.
You barely miss the orc priest.
The orc priest is moderately wounded.
The orc priest hits you but does no damage.
You feel drained.
You hit the orc priest.
The orc priest is moderately wounded.
The orc priest calls down the wrath of Beogh upon you.
Beogh smites you!
* * * LOW HITPOINT WARNING * * *
You hit the orc priest.
The orc priest is heavily wounded.
The orc priest misses you.
You hit the orc priest but do no damage.
The orc priest is heavily wounded.
The orc priest hits you but does no damage.
You feel drained.
You hit the orc priest.
The orc priest is severely wounded.
You hit the orc priest but do no damage.
The orc priest is severely wounded.
The orc priest calls down the wrath of Beogh upon you.
Beogh smites you!
You die...

#.#
##..###$⌠$###...##.#
######.#
#..##.....##....†..
.......#
#..#.......#...##.#
########
#..#o......#..###..
##.#..o.o..#..# ###
#.#.......#..#
#.#.......#..#
#.#.......#..#
#@#.......#..# ####
#.o..........# ...#
###.#.#.### ##.#
........ ##.#
#.#...... ...#
..#.#.#.# #..# ..#
#.# # #..##### ... #
.......# ..


You could see an orc priest.

Vanquished Creatures
  2 adders (D:2)
  2 dart slugs
  2 orcs
  4 bats
  6 endoplasms
  2 giant cockroaches (D:2)
  5 goblins
  7 hobgoblins
  5 kobolds
  A quokka (D:1)
  A frilled lizard (D:1)
  2 rats
39 creatures vanquished.

Notes
Turn   | Place    | Note
-------+----------+-------------------------------------------
     0 | D:5      | croobank the Demonspawn Delver began the quest for the Orb.
     0 | D:5      | Reached XP level 1. HP: 18/18 MP: 1/1
   155 | D:5      | Found a transporter.
   163 | D:5      | Noticed a quasit
   247 | D:4      | Noticed a phantom
   426 | D:4      | Noticed a jelly
   492 | D:3      | Noticed a gnoll bouda
   498 | D:3      | Noticed an orc wizard
   566 | D:2      | Gained mutation: Your movements are slightly less
                  | encumbered by armour. (ER -2) [demonic ancestry]
   566 | D:2      | Reached XP level 2. HP: 24/24 MP: 2/2
   640 | D:1      | Found Loishre's Distillery.
   758 | D:1      | Bought a potion of might for 52 gold pieces
  1096 | D:1      | Gained mutation: Your demonic aura sometimes causes spilled
                  | blood to erupt in flames. [demonic ancestry]
  1096 | D:1      | Reached XP level 3. HP: 29/29 MP: 3/3
  2072 | D:2      | Reached XP level 4. HP: 24/35 MP: 4/4
  2085 | D:2      | Killed from afar by an orc priest

Illustrated notes

Levels and vault maps discovered:
D:1:      scummos_arrival_forest, layout_basic, serial_shops,
          nicolae_shop_tiny_glass
D:2:      cheibrodos_pilgrimage, layout_loops_corners, basic_altar,
          kennysheep_generic_room_2
D:3:      layout_rooms, uniq_sigmund
D:4:      layout_loops_ring, lemuel_doored_altar
D:5:      layout_cave_pods, nicolae_ashenzari_skybound,
          gammafunk_ghost_stat_death, dreamdust_mushroom_princess,
          minmay_misc_feat_nine_boxes, uniq_crazy_yiuf_cottage
D:6:      layout_cave_pools, nicolae_ru_the_path_less_chosen,
          minmay_temple_entry_purple_smoke

Skill      XL: |  1 |
---------------+----+-----
Short Blades   | 2 |  2.4
Dodging        | 2 |  2.5
Fighting       | |  3.5
Stealth        | |  4.9

Action                     |  1- 3 |  4- 6 || total
---------------------------+-------+-------++-------
  Melee: Short sword       |   144 |    13 ||   157
         Punch             |     1 |       ||     1
  Throw: Dart              |     2 |       ||     2
  Evoke: Wand              |     1 |       ||     1
    Use: Scroll            |     2 |       ||     2
         Potion            |     1 |       ||     1
   Stab: Sleeping          |     9 |       ||     9
 Armour: Leather armour    |    23 |       ||    23
         Ring mail         |    51 |     6 ||    57
  Dodge: Dodged            |    70 |     4 ||    74

Table legend: (Time is in decaauts)
 A = Elapsed time spent in this place.
 B = Non-inter-level travel time spent in this place.
 C = Inter-level travel time spent in this place.
 D = Time resting spent in this place.
 E = Time spent auto-exploring this place.
 F = Levels seen in this place.
 G = Mean time per level.
                   A        B        C        D        E       F      G
               +--------+--------+--------+--------+--------+-----+--------+
         Total |   2047 |   1893 |    154 |    123 |   1171 |   6 |  341.2 |
       Dungeon |   2047 |   1893 |    154 |    123 |   1171 |   6 |  341.2 |
               +--------+--------+--------+--------+--------+-----+--------+

Top non-repeatable levels by time:
     D:1: 837 daAuts
     D:2: 679 daAuts
     D:4: 265 daAuts
     D:5: 166 daAuts
     D:3: 69 daAuts
     D:6: 30 daAuts
